 Dungeon Crawl Stone Soup version 0.16-a0-3928-g3e66e92 (console) character file.

10654 mauris the Slicer (level 11, 42/82 HPs) *WIZ*
             Began as a Halfling Berserker on Jan 25, 2015.
             Was a Follower of Trog.
             Quit the game in a treasure trove on Mar 13, 2015.
             The game lasted 00:08:02 (45 turns).

mauris the Slicer (Halfling Berserker)                Turns: 45, Time: 00:08:02

Health: 42/82      AC:  2    Str: 17    XL:     11   Next: 97%
Magic:  6/13       EV: 20    Int:  6    God:    Trog 37 (0)
Gold:   0          SH:  0    Dex: 18    Spells: 0 memorised, 10 levels left

rFire  . . .     SeeInvis .     a - +0 short sword
rCold  . . .     Clarity  .     b - +0 animal skin
rNeg   . . .     SustAb   .     (no shield)
rPois  .         Gourm    .     (no helmet)
rElec  .         Spirit   .     (no cloak)
rCorr  .         Warding  .     (no gloves)
rMut   .         Stasis   .     (no boots)
MR     .....                    (no amulet)
Stlth  ++........               (no ring)
                                (no ring)

@: not resistant to hostile enchantments, unstealthy
A: mutation resistance 1
a: Burn Spellbooks, Berserk, Renounce Religion


You were in a treasure trove.
You worshipped Trog.
Trog was aware of your devotion.
You were not hungry.

You visited 2 branches of the dungeon, and saw 2 of its levels.
You also visited: Trove.

Inventory:

Hand weapons
 a - a +0 short sword (weapon)
Armour
 b - a +0 animal skin (worn)
Magical devices
 d - a wand of digging (22)
Scrolls
 e - 3 scrolls of teleportation {unknown}
Comestibles
 c - a bread ration


   Skills:
 + Level 10.6 Fighting
 + Level 14.6 Short Blades
 + Level 6.9 Armour
 + Level 6.8 Dodging
 + Level 1.3 Evocations


You had 10 spell levels left.
You didn't know any spells.

Dungeon Overview and Level Annotations

Branches:
Dungeon (1/15)

Altars:
Xom


Innate Abilities, Weirdness & Mutations

You are small and have problems with some larger weapons.
You are somewhat resistant to further mutation.


Message History

Unknown monster: "vault wraden" Enter Wizard Command (? - help): Value of which artefact? (? for menu, Esc to quit)
That item is not an artefact!
The tarantella closely misses you.
Thorny briars emerge from the ground!
The orc priest prays to Beogh.
You feel troubled. The orc barely misses you.
The black draconian caller gestures wildly while chanting.
The tarantella bites you. The tarantella bites you! What do you say? t - Shout!
Orders for allies: a - Attack new target. r - Retreat! s - Stop attacking. w - Wait here. f - Follow me.
Anything else - Stay silent.
Okay, then.
Unknown command.
Unknown command.
Unknown command.
Are you sure you want to abandon this character and quit the game? (Confirm with "yes".)

########.###########
#####################
#####################
######################
#######################
######################
#####################
##sq.Du.ros############
##fo.ra†.el@PP.########
#########..############
#####################
#####################
#####################
###################
#################
###############
###########


You could see an ice dragon, a black draconian caller, a red ugly thing, an elf,
a soldier ant, a tarantella, an orc priest, an orc, a giant gecko and 2 rats.

Vanquished Creatures
  Antaeus (Trove)
  A redback (D:1)
2 creatures vanquished.

Notes
Turn   | Place    | Note
--------------------------------------------------------------
     0 | D:1      | mauris, the Halfling Berserker, began the quest for the Orb.
     0 | D:1      | Reached XP level 1. HP: 15/15 MP: 1/1
     0 | D:1      | Upgraded the game from 0.16-a0-2739-g09de7a3 to 0.16-a0-3928-g3e66e92
     0 | D:1      | Entered wizard mode.
     0 | D:1      | Noticed a redback
     0 | D:1      | Killed a redback
     0 | D:1      | Reached skill level 5 in Short Blades
     0 | D:1      | Reached XP level 2. HP: 19/22 MP: 2/2
     0 | D:1      | Reached XP level 3. HP: 23/27 MP: 3/3
     0 | D:1      | Reached XP level 4. HP: 28/33 MP: 4/4
     0 | D:1      | Reached XP level 5. HP: 31/37 MP: 5/5
     3 | D:1      | Found a shimmering altar of Xom.
     3 | Forest:1 | Entered Level 1 of the Enchanted Forest
     3 | Forest:1 | Noticed a yak
     3 | Forest:1 | Noticed a yak
     3 | Forest:1 | Noticed a yak
     3 | Forest:1 | Noticed a yak
     3 | Forest:1 | Noticed a yak
     3 | Forest:1 | Noticed a thorn hunter
     3 | Forest:1 | Noticed a yak
     3 | Trove    | Entered a treasure trove
    42 | Trove    | Noticed a redback
    42 | Trove    | Noticed a black draconian caller
    42 | Trove    | Noticed a red ugly thing
    42 | Trove    | Noticed Antaeus
    42 | Trove    | Killed Antaeus
    42 | Trove    | Reached skill level 10 in Fighting
    42 | Trove    | Reached skill level 14 in Short Blades
    42 | Trove    | Reached skill level 1 in Evocations
    42 | Trove    | Reached XP level 6. HP: 40/54 MP: 5/7
    42 | Trove    | Reached XP level 7. HP: 44/60 MP: 5/8
    42 | Trove    | Reached XP level 8. HP: 48/66 MP: 5/9
    42 | Trove    | Reached XP level 9. HP: 51/71 MP: 6/11
    42 | Trove    | Reached XP level 10. HP: 55/77 MP: 6/12
    42 | Trove    | Reached XP level 11. HP: 58/82 MP: 6/13
    42 | Trove    | Noticed a thorn hunter
    44 | Trove    | Noticed an ice dragon
    45 | Trove    | Quit the game

Action                   |  1- 3 |  4- 6 |  7- 9 | 10-12 || total
-------------------------+-------+-------+-------+-------++-------
Evoke: Wand              |       |     2 |       |       ||     2
